 Dungeon Crawl Stone Soup version 0.30.0-10-gfe55d96785 (webtiles) character file.

Game seed: 2794327253866086626

7885 qw the Cleaver (level 11, -2/71 HPs)
             Began as a Gargoyle Cinder Acolyte on May 17, 2023.
             Was a Believer of Ignis.
             Slain by a large abomination (24 damage)
             ... on level 2 of the Abyss.
             The game lasted 00:05:38 (8273 turns).

qw the Cleaver (Gargoyle Cinder Acolyte)            Turns: 8273, Time: 00:05:38

Health: -2/71      AC: 38    Str: 23    XL:     11   Next: 22%
Magic:  12/12      EV: 13    Int: 14    God:    Ignis [**....]
Gold:   353        SH:  4    Dex:  5    Spells: 12/12 levels left

rFire   + . .        p - +2 broad axe (vamp)
rCold   . . .        h - +0 buckler
rNeg    + . .        j - +0 chain mail
rPois   inf          i - +2 helmet
rElec   +            u - +0 cloak
rCorr   .            l - +0 pair of gloves
SInv    .            x - +2 pair of boots
Will    .....        m - amulet of the acrobat Stlth
                     o - +5 ring of evasion
HPRegen 0.31/turn    q - +4 ring of protection
MPRegen 0.13/turn

%: acrobat
@: about to teleport, fiery-armoured
A: sickness immunity, AC +8, negative energy resistance 1, electricity
resistance, torment resistance 1, petrification resistance
a: Renounce Religion, Fiery Armour, Foxfire Swarm, Rising Flame


You were on level 2 of the Abyss.
You worshipped Ignis.
Ignis was pleased with you.
You visited 1 branch of the dungeon, and saw 9 of its levels.
You visited the Abyss 1 time.
You also visited: Ossuary.

You collected 592 gold pieces.
You spent 239 gold pieces at shops.


Innate Abilities, Weirdness & Mutations

You are immune to sickness and miasma.
Your stone body is resilient. (AC +8)
You are immune to poison.
You resist negative energy. (rN+)
You are resistant to electric shocks. (rElec)
You are resistant to unholy torment.
You are immune to petrification.


   Skills:
 - Level 9.0 Fighting
 + Level 11.2 Axes
 - Level 3.9 Throwing
 - Level 7.3 Armour
 - Level 1.2 Dodging
 - Level 5.0 Shields
 - Level 1.0 Spellcasting
 - Level 3.0 Fire Magic


You had 12 spell levels left.
You didn't know any spells.
Your spell library contained the following spells:

 Spells                   Type           Power      Damage    Failure   Level
 Scorch                   Fire           18%        2d6       56%         2

Inventory:

Hand Weapons
 k - a +0 hand axe of flaming
 p - a +2 vampiric broad axe (weapon)
Armour
 h - a +0 buckler (worn)
 i - a +2 helmet (worn)
 j - a +0 chain mail (worn)
 l - a +0 pair of gloves (worn)
 u - a +0 cloak (worn)
 x - a +2 pair of boots (worn)
Jewellery
 a - a ring of protection from fire
 m - an amulet of the acrobat (around neck)
 o - a +5 ring of evasion (left hand)
 q - a +4 ring of protection (right hand)
 t - a ring of fire
Scrolls
 c - 4 scrolls of teleportation
 e - 4 scrolls of identify
Potions
 b - 2 potions of resistance
 d - 4 potions of mutation
 f - 3 potions of curing
 g - 3 potions of heal wounds
 n - a potion of attraction {unknown}
 r - 3 potions of might
 s - a potion of haste
 w - a potion of cancellation

Dungeon Overview and Level Annotations

Branches:
Dungeon (9/15)             Temple (0/1) D:5         Ossuary (visited)
   Lair: D:8-11         Orc: D:9-12

Altars:
Cheibriados
Dithmenos
Fedhas
Gozag
Hepliaklqana
Makhleb
Okawaru
Uskayaw
Yredelemnul
The Shining One

Shops:
D:1 [   D:3 [   D:4 ?   D:5 (   D:7 *   D:9 (

Annotations:
D:9 Erolcha


Message History

You barely miss the large abomination.
The large abomination is heavily damaged.
The large abomination hits you but does no damage.
You hit the large abomination but do no damage.
The large abomination is heavily damaged.
The large abomination hits you but does no damage.
You slash the large abomination!
The large abomination is severely damaged.
You barely miss the large abomination.
The large abomination is severely damaged.
The large abomination hits you.
8265 ||| READING 5 scrolls of teleportation.
As you read the scroll of teleportation, it crumbles to dust.
You feel strangely unstable.
You feel the power of the Abyss delaying your translocation!
The large abomination hits you but does no damage.
The large abomination is burned by your cloak of flames.
The large abomination is almost destroyed.
8266 ||| DRINKING 4 potions of heal wounds.
You feel much better.
You hit the large abomination.
The large abomination is almost destroyed.
The large abomination hits you!!
You hit the large abomination.
The large abomination is almost destroyed.
You hit the large abomination.
The large abomination is almost destroyed.
The large abomination closely misses you.
You hit the large abomination but do no damage.
The large abomination is almost destroyed.
The large abomination misses you.
You hit the large abomination.
The large abomination is almost destroyed.
You hit the large abomination but do no damage.
The large abomination is almost destroyed.
The large abomination misses you.
You hit the large abomination but do no damage.
The large abomination is almost destroyed.
The large abomination hits you!!
You die...

# # ..#
## . #.#
.#.. # .
#.####..
..#
#....X.#
. #@#.#
#...#
##.#...#
#.#..#
..###
... .#
.#...
#...#
#..#


You could see a large abomination.

Vanquished Creatures
  2 thrashing horrors (Abyss:2)
  A skeletal warrior (D:8)
  Maggie (D:6)
  A tormentor (Abyss:2)
  A hydra zombie (Abyss:2)
  A troll (D:9)
  A hornet (D:8)
  A wyvern (D:9)
  Grum (D:8)
  2 chaos spawn (Abyss:2)
  4 steam dragons
  5 water moccasins
  2 small abominations (Abyss:2)
  2 sky beasts
  2 ice beasts (D:5)
  A black bear (D:6)
  2 ogres (D:6)
  2 wolves (D:8)
  3 centaurs
  4 phantoms
  A kobold brigand (D:8)
  5 bullfrogs
  2 scorpions
  A gnoll sergeant (D:6)
  4 killer bees (D:8)
  An electric eel (D:6)
  2 howler monkeys
  A crimson imp (D:3)
  A centaur zombie (Ossuary)
  2 orc priests (D:8)
  A gnoll bouda (D:8)
  2 hounds
  A human zombie (Ossuary)
  3 jellies
  4 iguanas (D:6)
  7 orc wizards
  3 mummies
  14 adders
  7 gnolls
  An ufetubus (D:4)
  An adder zombie (Ossuary)
  2 worms
  6 dart slugs
  28 orcs
  6 endoplasms
  7 giant cockroaches
  10 goblins
  5 hobgoblins
  2 jackals (D:1)
  A kobold (D:2)
  3 quokkas
  9 ball pythons
  6 bats
  5 frilled lizards
  2 goblin skeletons (D:3)
  2 goblin zombies (D:3)
  18 hobgoblin zombies
  3 jackal zombies (Ossuary)
  12 kobold zombies
  3 orc skeletons (D:3)
  4 orc zombies
  5 rats
  2 rat zombies (Ossuary)
244 creatures vanquished.

Vanquished Creatures (others)
  A troll (D:8)
1 creature vanquished.

Grand Total: 245 creatures vanquished

Notes
Turn   | Place    | Note
-------+----------+-------------------------------------------
     0 | D:1      | qw the Gargoyle Cinder Acolyte began the quest for the Orb.
     0 | D:1      | Reached XP level 1. HP: 14/14 MP: 2/2
     0 | D:1      | 0 ||| qw: Version: 0.2-a-95-g816fdde
     0 | D:1      | 0 ||| qw: Game counter: 79
     0 | D:1      | 0 ||| qw: Always use a shield: true
     0 | D:1      | 0 ||| qw: God list: Okawaru
     0 | D:1      | 0 ||| qw: Allow faded altars: false
     0 | D:1      | 0 ||| qw: Do Orc after D:15 true
     0 | D:1      | 0 ||| qw: Do second Lair branch before Depths: true
     0 | D:1      | 0 ||| qw: Lair rune preference: random
     0 | D:1      | 0 ||| qw: Plans: Normal
     0 | D:1      | 0 ||| PLANNING D:1-11
    87 | D:1      | Found Uladd's Antique Armour Shop.
   101 | D:1      | 101 ||| SHOPLISTING embroidered robe (85 gold, have 0).
   101 | D:1      | 101 ||| SHOPLISTING helmet (103 gold, have 0).
   101 | D:1      | 101 ||| SHOPLISTING pair of embroidered gloves (172 gold,
                  | have 0).
   101 | D:1      | 101 ||| SHOPLISTING pair of gloves (103 gold, have 0).
   101 | D:1      | 101 ||| SHOPLISTING troll leather armour (345 gold, have
                  | 0).
   129 | D:1      | Reached skill level 3 in Axes
   184 | D:1      | Reached XP level 2. HP: 19/19 MP: 3/3
   232 | D:1      | 232 ||| Stepping ~*~*~tactically~*~*~ (stealth).
   258 | D:1      | 258 ||| Stepping ~*~*~tactically~*~*~ (stealth).
   259 | D:1      | 259 ||| Stepping ~*~*~tactically~*~*~ (stealth).
   260 | D:1      | 260 ||| Stepping ~*~*~tactically~*~*~ (stealth).
   261 | D:1      | 261 ||| Stepping ~*~*~tactically~*~*~ (stealth).
   278 | D:1      | 278 ||| Stepping ~*~*~tactically~*~*~ (stealth).
   279 | D:1      | 279 ||| Stepping ~*~*~tactically~*~*~ (stealth).
   331 | D:1      | 331 ||| INVOKING Fiery Armour.
   659 | D:1      | Reached XP level 3. HP: 23/23 MP: 4/4
   686 | D:1      | 686 ||| Stepping ~*~*~tactically~*~*~ (stealth).
   763 | D:1      | 763 ||| Stepping ~*~*~tactically~*~*~ (stealth).
   764 | D:1      | 764 ||| Stepping ~*~*~tactically~*~*~ (stealth).
   803 | D:1      | 803 ||| SWAPPING to +0 broad axe.
   862 | D:1      | 862 ||| UPGRADING to +0 leather armour.
   872 | D:1      | 872 ||| DROPPING +0 robe.
   873 | D:1      | 873 ||| UPGRADING to +0 chain mail.
   883 | D:1      | 883 ||| DROPPING +0 leather armour.
   884 | D:1      | 884 ||| READING scroll labelled COBE XUCUOSTRIMY.
   889 | D:1      | 889 ||| READING scroll labelled KAISACV COON.
   890 | D:1      | 890 ||| READING scroll labelled WIAQEY MOCALA.
   891 | D:1      | 891 ||| READING scroll labelled OJIR KIJAKAA.
   892 | D:1      | 892 ||| READING scroll labelled KOXKUO PUJYKU.
   931 | D:2      | 931 ||| Stepping ~*~*~tactically~*~*~ (hiding).
   932 | D:2      | 932 ||| Stepping ~*~*~tactically~*~*~ (hiding).
   934 | D:2      | 934 ||| INVOKING Fiery Armour.
   939 | D:2      | Reached skill level 1 in Armour
   941 | D:2      | Reached skill level 4 in Axes
   942 | D:2      | Reached XP level 4. HP: 14/28 MP: 5/5
  1223 | D:2      | 1223 ||| Stepping ~*~*~tactically~*~*~ (stealth).
  1310 | D:2      | 1310 ||| Stepping ~*~*~tactically~*~*~ (stealth).
  1313 | D:2      | 1313 ||| Stepping ~*~*~tactically~*~*~ (hiding).
  1314 | D:2      | 1314 ||| Stepping ~*~*~tactically~*~*~ (hiding).
  1420 | D:2      | 1420 ||| Stepping ~*~*~tactically~*~*~ (hiding).
  1422 | D:2      | 1422 ||| Stepping ~*~*~tactically~*~*~ (hiding).
  1448 | D:2      | 1448 ||| READING scroll labelled TOMOLAZXIO.
  1471 | D:3      | 1471 ||| INVOKING Fiery Armour.
  1473 | D:3      | Reached XP level 5. HP: 32/32 MP: 6/6
  1484 | D:3      | Identified the +7 short sword "Gouj Myd" {speed, Dex+3}
  1532 | D:3      | Found a hazy altar of Hepliaklqana.
  1568 | D:3      | 1568 ||| Stepping ~*~*~tactically~*~*~ (stealth).
  1577 | D:3      | 1577 ||| Stepping ~*~*~tactically~*~*~ (stealth).
  1585 | D:3      | 1585 ||| Stepping ~*~*~tactically~*~*~ (hiding).
  1607 | D:3      | Reached skill level 5 in Axes
  1609 | D:3      | Found a glowing golden altar of the Shining One.
  1610 | D:3      | 1610 ||| Stepping ~*~*~tactically~*~*~ (stealth).
  1713 | D:3      | 1713 ||| Stepping ~*~*~tactically~*~*~ (stealth).
  1721 | D:3      | 1721 ||| Stepping ~*~*~tactically~*~*~ (stealth).
  1724 | D:3      | 1724 ||| Stepping ~*~*~tactically~*~*~ (stealth).
  1971 | D:3      | 1971 ||| UPGRADING to +0 buckler.
  1976 | D:3      | 1976 ||| UPGRADING to +1 helmet.
  2009 | D:3      | 2009 ||| READING scroll labelled ZOSIED COA.
  2010 | D:3      | 2010 ||| DRINKING 3 pink potions.
  2106 | D:3      | 2106 ||| Stepping ~*~*~tactically~*~*~ (stealth).
  2116 | D:3      | Reached skill level 1 in Shields
  2198 | D:3      | Found Soninn's Antique Armour Shoppe.
  2198 | D:3      | Noticed a phantom
  2212 | D:3      | Killed a phantom
  2213 | D:3      | Reached XP level 6. HP: 27/37 MP: 7/7
  2255 | D:3      | 2255 ||| SHOPLISTING glowing scarf (184 gold, have 128).
  2255 | D:3      | 2255 ||| BUYING pair of gloves (103 gold).
  2255 | D:3      | Bought a pair of gloves for 103 gold pieces
  2255 | D:3      | 2255 ||| SHOPLISTING pair of glowing gloves (172 gold, have
                  | 25).
  2255 | D:3      | 2255 ||| SHOPLISTING runed scale mail (161 gold, have 25).
  2255 | D:3      | 2255 ||| SHOPLISTING shiny chain mail (172 gold, have 25).
  2509 | D:3      | 2509 ||| Stepping ~*~*~tactically~*~*~ (stealth).
  2586 | D:3      | 2586 ||| UPGRADING to +2 helmet.
  2596 | D:3      | 2596 ||| DROPPING +1 helmet.
  2597 | D:3      | 2597 ||| UPGRADING to +0 pair of gloves.
  2602 | D:3      | 2602 ||| UPGRADING to ring of protection from fire.
  2603 | D:3      | 2603 ||| UPGRADING to +4 ring of protection.
  2604 | D:3      | 2604 ||| READING scroll labelled XELYIR ORURCH.
  2605 | D:3      | 2605 ||| READING 2 scrolls of identify.
  2605 | D:3      | 2605 ||| IDENTIFYING green potion
  2685 | D:3      | 2685 ||| Stepping randomly (stuck).
  2752 | D:4      | 2752 ||| PLANNING OSSUARY
  2775 | D:4      | Found Diana's Magic Scroll Shop.
  2798 | D:4      | 2798 ||| SHOPLISTING scroll of enchant weapon (90 gold,
                  | have 68).
  2798 | D:4      | 2798 ||| BUYING scroll of identify (24 gold).
  2798 | D:4      | Bought a scroll of identify for 24 gold pieces
  2798 | D:4      | 2798 ||| BUYING scroll of identify (24 gold).
  2798 | D:4      | Bought a scroll of identify for 24 gold pieces
  2798 | D:4      | 2798 ||| SHOPLISTING scroll of identify (24 gold, have 20).
  2800 | D:4      | 2800 ||| Stepping ~*~*~tactically~*~*~ (stealth).
  2806 | D:4      | 2806 ||| Stepping ~*~*~tactically~*~*~ (hiding).
  2816 | D:4      | Noticed a torpor snail
  2817 | D:4      | Found a snail-covered altar of Cheibriados.
  2828 | D:4      | Noticed a torpor snail
  2867 | D:4      | 2867 ||| Stepping ~*~*~tactically~*~*~ (stealth).
  3027 | D:4      | Found a sand-covered staircase.
  3028 | D:4      | 3028 ||| READING scroll labelled JEJOPLOONK.
  3029 | D:4      | 3029 ||| READING 4 scrolls of identify.
  3029 | D:4      | 3029 ||| IDENTIFYING glowing dark potion
  3030 | D:4      | 3030 ||| READING 3 scrolls of identify.
  3030 | D:4      | 3030 ||| IDENTIFYING orange potion
  3031 | D:4      | 3031 ||| READING 2 scrolls of identify.
  3031 | D:4      | 3031 ||| IDENTIFYING puce potion
  3032 | D:4      | 3032 ||| DROPPING potion of brilliance.
  3040 | Ossuary  | Entered an ossuary
  3217 | Ossuary  | 3217 ||| INVOKING Fiery Armour.
  3220 | Ossuary  | Reached skill level 3 in Armour
  3220 | Ossuary  | Reached XP level 7. HP: 43/43 MP: 8/8
  3330 | Ossuary  | Identified the +0 quarterstaff of the Endless Expanse
                  | {elec, rElec rPois Stlth+}
  3331 | Ossuary  | 3331 ||| DRINKING 2 fizzy emerald potions.
  3332 | Ossuary  | 3332 ||| DROPPING potion of degeneration.
  3344 | D:4      | 3344 ||| PLANNING D:1-11
  3442 | D:4      | Noticed a torpor snail
  3459 | D:4      | 3459 ||| DRINKING 3 potions of curing.
  3459 | D:4      | 3459 ||| (to cure confusion)
  3481 | D:4      | 3481 ||| Stepping ~*~*~tactically~*~*~ (stealth).
  3482 | D:4      | 3482 ||| DRINKING 2 potions of curing.
  3482 | D:4      | 3482 ||| (to cure confusion)
  3512 | D:4      | Reached skill level 6 in Axes
  3731 | D:4      | Reached skill level 3 in Shields
  3791 | D:4      | 3791 ||| UPGRADING to amulet of the acrobat.
  3796 | D:4      | 3796 ||| DRINKING 3 brown potions.
  3797 | D:4      | 3797 ||| READING 2 scrolls of identify.
  3797 | D:4      | 3797 ||| IDENTIFYING viscous inky potion
  3798 | D:4      | 3798 ||| DROPPING 2 potions of flight.
  3799 | D:4      | 3799 ||| DROPPING potion of ambrosia.
  3801 | D:5      | Entered Level 5 of the Dungeon
  3802 | D:5      | Found Setud's Hydra Hut.
  3804 | D:5      | Noticed a four-headed hydra
  3829 | D:5      | 3829 ||| INVOKING Fiery Armour.
  3918 | D:5      | 3918 ||| BUYING +0 hand axe of flaming (88 gold).
  3918 | D:5      | Bought a +0 hand axe of flaming for 88 gold pieces
  3918 | D:5      | 3918 ||| DROPPING -1 hand axe of flaming.
  3989 | D:5      | Reached XP level 8. HP: 43/48 MP: 9/9
  4102 | D:5      | Reached skill level 7 in Axes
  4394 | D:5      | Found a staircase to the Ecumenical Temple.
  4709 | D:5      | 4709 ||| UPGRADING to +0 pair of boots.
  4714 | D:5      | 4714 ||| UPGRADING to +0 cloak.
  4719 | D:5      | 4719 ||| READING scroll labelled RECIMU SUNUVA.
  4720 | D:5      | 4720 ||| DRINKING 3 bubbling orange potions.
  4721 | D:5      | 4721 ||| READING 3 scrolls of identify.
  4721 | D:5      | 4721 ||| IDENTIFYING fizzy ruby potion
  4931 | D:6      | 4931 ||| INVOKING Fiery Armour.
  4949 | D:6      | Reached skill level 8 in Axes
  4949 | D:6      | Noticed Maggie
  4959 | D:6      | Reached skill level 6 in Fighting
  4959 | D:6      | Reached XP level 9. HP: 55/55 MP: 10/10
  4966 | D:6      | Killed Maggie
  5143 | D:6      | 5143 ||| READING scroll labelled UXUAMO AMUSH.
  5144 | D:6      | 5144 ||| READING scroll labelled YCISUI BEBAMESU.
  5299 | D:6      | 5299 ||| Stepping ~*~*~tactically~*~*~ (stealth).
  5300 | D:6      | 5300 ||| Stepping ~*~*~tactically~*~*~ (stealth).
  5302 | D:6      | 5302 ||| Stepping ~*~*~tactically~*~*~ (hiding).
  5344 | D:6      | Reached skill level 9 in Axes
  5369 | D:6      | 5369 ||| READING scroll of enchant weapon.
  5369 | D:6      | 5369 ||| ENCHANTING +0 vampiric broad axe.
  5441 | D:6      | 5441 ||| READING scroll labelled HONNU OWITIN.
  5535 | D:6      | 5535 ||| STAIRDANCE
  5562 | D:6      | 5562 ||| UPGRADING to +5 ring of evasion.
  5615 | D:7      | 5615 ||| STAIRDANCE
  5626 | D:6      | Reached skill level 6 in Armour
  5786 | D:7      | Found Gozag's Platinum Reserve.
  5802 | D:7      | 5802 ||| Stepping ~*~*~tactically~*~*~ (stealth).
  5804 | D:7      | 5804 ||| Stepping ~*~*~tactically~*~*~ (stealth).
  5866 | D:7      | Identified the +3 leather armour "Horagim" {rPois Dex+3}
  5940 | D:7      | Reached skill level 1 in Throwing
  6034 | D:7      | 6034 ||| Stepping ~*~*~tactically~*~*~ (hiding).
  6045 | D:7      | 6045 ||| DRINKING 3 potions of curing.
  6045 | D:7      | 6045 ||| (to cure confusion)
  6079 | D:7      | Found an opulent altar of Gozag.
  6102 | D:7      | 6102 ||| SHOPLISTING amulet "Ehetun" {rF+ rC- rN+ Regen+
                  | Str+5} (5170 gold, have 187).
  6102 | D:7      | 6102 ||| SHOPLISTING ring of Eternal Harmony {+Blink rN++
                  | EV+5 Str-5 Slay+2} (5840 gold, have 187).
  6494 | D:7      | 6494 ||| UPGRADING to +2 pair of boots.
  6504 | D:7      | 6504 ||| DROPPING +0 pair of boots.
  6505 | D:7      | 6505 ||| READING 4 scrolls of identify.
  6505 | D:7      | 6505 ||| IDENTIFYING fizzy coppery potion
  6506 | D:7      | 6506 ||| READING 3 scrolls of identify.
  6506 | D:7      | 6506 ||| IDENTIFYING metallic purple potion
  6507 | D:7      | 6507 ||| DROPPING potion of lignification.
  6593 | D:8      | Noticed a hornet
  6614 | D:8      | Killed a hornet
  6721 | D:8      | Noticed a troll
  6722 | D:8      | 6722 ||| INVOKING Fiery Armour.
  6727 | D:8      | Killed a troll
  6728 | D:8      | Reached XP level 10. HP: 42/63 MP: 11/11
  6750 | D:8      | Reached skill level 10 in Axes
  6761 | D:8      | Noticed Grum
  6762 | D:8      | 6762 ||| Stepping ~*~*~tactically~*~*~ (stealth).
  6764 | D:8      | 6764 ||| Stepping ~*~*~tactically~*~*~ (stealth).
  6771 | D:8      | 6771 ||| Stepping ~*~*~tactically~*~*~ (stealth).
  6780 | D:8      | Killed Grum
  6781 | D:8      | Reached skill level 1 in Dodging
  6837 | D:8      | Noticed a skeletal warrior
  6838 | D:8      | 6838 ||| INVOKING Fiery Armour.
  6847 | D:8      | Killed a skeletal warrior
  6848 | D:8      | Reached skill level 3 in Throwing
  7016 | D:8      | Found a blossoming altar of Fedhas.
  7075 | D:8      | Found a shadowy altar of Dithmenos.
  7089 | D:8      | Found a basalt altar of Yredelemnul.
  7284 | D:8      | 7284 ||| READING scroll of enchant weapon.
  7284 | D:8      | 7284 ||| ENCHANTING +1 vampiric broad axe.
  7453 | D:8      | Found a hide-covered altar of Uskayaw.
  7482 | D:8      | Found a burning altar of Makhleb.
  7694 | D:8      | 7694 ||| DROPPING ring of magical power.
  7695 | D:8      | 7695 ||| READING 2 scrolls labelled ZICLORR UH DIE.
  7696 | D:8      | 7696 ||| DROPPING scroll of fear.
  7708 | D:9      | Found Gaffaone's Weapon Shoppe.
  7818 | D:9      | Found an iron altar of Okawaru.
  7875 | D:9      | Noticed Erolcha
  7876 | Abyss:2  | Found a corrupted altar of Lugonu.
  7876 | Abyss:2  | Cast into level 2 of the Abyss (Erolcha)
  7966 | Abyss:2  | Noticed a thrashing horror
  8029 | Abyss:2  | Noticed a thrashing horror
  8032 | Abyss:2  | 8032 ||| INVOKING Fiery Armour.
  8037 | Abyss:2  | 8037 ||| SWAPPING to +0 hand axe of flaming.
  8039 | Abyss:2  | 8039 ||| SWAPPING to +2 vampiric broad axe.
  8040 | Abyss:2  | 8040 ||| SWAPPING to +0 hand axe of flaming.
  8049 | Abyss:2  | Reached skill level 11 in Axes
  8049 | Abyss:2  | 8049 ||| SWAPPING to +2 vampiric broad axe.
  8051 | Abyss:2  | Killed a thrashing horror
  8052 | Abyss:2  | Reached XP level 11. HP: 20/68 MP: 12/12
  8053 | Abyss:2  | HP: 14/68 [thrashing horror (6)]
  8054 | Abyss:2  | 8054 ||| READING 6 scrolls of teleportation.
  8055 | Abyss:2  | 8055 ||| DRINKING 6 potions of heal wounds.
  8061 | Abyss:2  | HP: 16/68 [??? (4)]
  8062 | Abyss:2  | 8062 ||| DRINKING 5 potions of heal wounds.
  8070 | Abyss:2  | Killed a thrashing horror
  8071 | Abyss:2  | Reached skill level 9 in Fighting
  8142 | Abyss:2  | 8142 ||| Stepping ~*~*~tactically~*~*~ (stealth).
  8143 | Abyss:2  | 8143 ||| Stepping ~*~*~tactically~*~*~ (stealth).
  8239 | Abyss:2  | 8239 ||| Stepping ~*~*~tactically~*~*~ (stealth).
  8252 | Abyss:2  | 8252 ||| INVOKING Fiery Armour.
  8264 | Abyss:2  | HP: 17/71 [large abomination (4)]
  8265 | Abyss:2  | 8265 ||| READING 5 scrolls of teleportation.
  8266 | Abyss:2  | 8266 ||| DRINKING 4 potions of heal wounds.
  8273 | Abyss:2  | Slain by a large abomination

Levels and vault maps discovered:
D:1:      eino_arrival_tree_alley, layout_loops_cross, serial_shops, shop
D:2:      layout_rooms, hex_tiny, minmay_misc_feat_hallway
D:3:      layout_basic, nicolae_tso_besieged_by_evil, mainiacjoe_overflow_paths,
          serial_shops, shop, serial_rivers, chequers_serial_rivers_small_3,
          chequers_serial_rivers_small_3, chequers_serial_rivers_micro_e,
          chequers_serial_rivers_marsh, grunt_ministairs_2, minmay_unequal
D:4:      layout_basic, cheibriados_altar_2, serial_shops, shop,
          nicolae_ossuary_entry_giza
D:5:      layout_basic, minmay_temple_entry_hall, doesnt_shop_hydraphobe
D:6:      layout_basic, serial_bayou_pond_b, nicolae_fountain_basement,
          uniq_maggie
D:7:      layout_gridville, nicolae_gozag_zags_fifth_avenue
D:8:      minmay_opposing_rooms, layout_basic, mainiacjoe_overflow_tiny_flanked,
          kennysheep_mini_moat, mainiacjoe_overflow_alcove_1,
          mainiacjoe_overflow_swirl, uniq_grum
D:9:      layout_grid_maze, okawaru_ov_weapons_minmay,
          nicolae_overflow_crystal_walls, orc_0_dummy, serial_shops,
          nicolae_stop_n_shop_1, library_closet, uniq_erolcha, uniq_maurice
Abyss:2:  base: D:4, evilmike_abyss_exit_vortex, evilmike_abyss_exit_plants,
          minivault_13

Skill      XL: |  1  2  3  4  5  6  7  8  9 10 11 |
---------------+----------------------------------+-----
Axes           | 3 4 5 6 8 9 11 | 11.2
Armour         | 1 2 3 4 6 7 |  7.3
Shields        | 2 3 4 5 |  5.0
Fighting       | 4 6 7 8 9 |  9.0
Throwing       | 2 3 |  3.9
Dodging        | 1 |  1.2
Spellcasting   | |  1.0
Fire Magic     | |  3.0

Action                     |  1- 3 |  4- 6 |  7- 9 | 10-12 || total
---------------------------+-------+-------+-------+-------++-------
  Melee: Hand axe          |    75 |       |       |     9 ||    84
         Broad axe         |     6 |   293 |   399 |   185 ||   883
         Punch             |       |     1 |       |       ||     1
  Throw: Javelin           |       |       |     3 |    13 ||    16
 Invoke: Fiery Armour      |     2 |     2 |     3 |     3 ||    10
    Use: Scroll            |     5 |     8 |     9 |     4 ||    26
         Potion            |       |     1 |     6 |     3 ||    10
 Armour: Robe              |    23 |       |       |       ||    23
         Chain mail        |     4 |   215 |   302 |   159 ||   680
  Dodge: Dodged            |    43 |   101 |   155 |   198 ||   497
  Block: Buckler           |       |     9 |    57 |    49 ||   115

Table legend:
 A = Non-vault XP
 B = Vault XP
 C = Vault XP percentage of total XP
 D = Non-vault monster count
 E = Vault monster count
 F = Vault count percentage of total count
                 A         B        C        D         E       F
            +---------+---------+-------+---------+---------+-------
      Total |    7822 |    3443 |  30.6 |     163 |      82 |  33.5
            +---------+---------+-------+---------+---------+-------
        D:1 |      40 |       0 |   0.0 |      20 |       0 |   0.0
        D:2 |     124 |       0 |   0.0 |      25 |       0 |   0.0
        D:3 |     192 |      78 |  28.9 |      23 |      19 |  45.2
        D:4 |     360 |      20 |   5.3 |      25 |       3 |  10.7
        D:5 |     584 |     179 |  23.5 |      10 |       3 |  23.1
        D:6 |    1327 |     837 |  38.7 |      22 |       6 |  21.4
        D:7 |     314 |       0 |   0.0 |       8 |       0 |   0.0
        D:8 |    1230 |    2169 |  63.8 |      18 |      13 |  41.9
        D:9 |     748 |       0 |   0.0 |       4 |       0 |   0.0
    Abyss:2 |    2903 |       0 |   0.0 |       8 |       0 |   0.0
    Ossuary |       0 |     160 | 100.0 |       0 |      38 | 100.0
            +---------+---------+-------+---------+---------+-------
